 Dungeon Crawl Stone Soup version 0.22-a0-782-g038298e (webtiles) character file.

49 Gaball the Insei (level 3, 0/34 HPs)
             Began as an Octopode Transmuter on July 19, 2018.
             Succumbed to an adder's poison
             ... on level 2 of the Dungeon.
             The game lasted 00:02:23 (1197 turns).

Gaball the Insei (Octopode Transmuter)              Turns: 1197, Time: 00:02:24

Health: 0/34       AC: 21    Str:  9    XL:     3   Next: 75%
Magic:  6/6        EV:  2    Int: 15    God:
Gold:   61         SH:  0    Dex: 13    Spells: 5/6 levels left

rFire    . . .     SeeInvis .     - Unarmed
rCold    . . .     Gourm    .   (no shield)
rNeg     + + +     Faith    .   (helmet currently unavailable)
rPois    +         Spirit   .   (no amulet)
rElec    .         Reflect  .   (no ring)
rCorr    .         Harm     .   (no ring)
MR       .....     NoTele   +   (no ring)
Stlth    ++........             (no ring)
HPRegen  0.11/turn              (no ring)
MPRegen  0.10/turn              (no ring)
                                (no ring)
                                (no ring)

@: lethally poisoned (0 -> -6), tree-form
A: almost no armour, stealthy swim, (amphibious), 8 rings, (constrict 8)
a: no special abilities


You were on level 2 of the Dungeon.
You were not hungry.
You were a tree.
You visited 1 branch of the dungeon, and saw 2 of its levels.

You collected 61 gold pieces.

Inventory:

Missiles
 a - 33 arrows
Scrolls
 e - a scroll of remove curse
Potions
 b - a potion of lignification
Comestibles
 c - 3 rations
 h - 4 chunks of flesh


   Skills:
 - Level 1.0 Fighting
 - Level 2.0 Dodging
 + Level 1.3 Stealth
 + Level 4.0 Unarmed Combat
 + Level 2.3 Spellcasting
 + Level 2.3 Transmutations


You had 5 spell levels left.
You knew the following spells:

 Your Spells              Type           Power        Failure   Level  Hunger
a - Beastly Appendage     Tmut           #.....       9%          1    #......

Your spell library contained the following spells:

 Spells                   Type           Power        Failure   Level  Hunger
 Spider Form              Tmut/Pois      #.........   38%         3    ###....
 Blade Hands              Tmut           #.........   93%         5    ######.
 Ice Form                 Ice/Tmut       #.......     80%         4    #####..
 Sticks to Snakes         Tmut           #.......     13%         2    ###....


Dungeon Overview and Level Annotations

Branches:
Dungeon (2/15)

Altars:


Innate Abilities, Weirdness & Mutations

You cannot wear most types of armour.
You are very stealthy in the water. (Stealth+)
((You are amphibious.))
You can wear up to eight rings at the same time.
((You can use your tentacles to constrict eight enemies at once.))
((Your skin changes colour to match your surroundings (Stealth+).))
((Your rubbery body absorbs attacks. (AC +1, EV +1)))


Message History

As you read the scroll labeled VIMAUVUTES, it crumbles to dust.
It is a scroll of identify.
e - a scroll of remove curse
* * * LOW HITPOINT WARNING * * *
You feel sick.
As you read the scroll labeled PITAHY TAPAIRY, it crumbles to dust.
It is a scroll of amnesia.
Okay, then.
Okay, then.
As you read the scroll labeled FAWEAPRE ZIWN, it crumbles to dust.
You feel aware of your surroundings.
You sensed 2 altars.
It was a scroll of magic mapping.
* * * LOW HITPOINT WARNING * * *
You feel sick.
There is a lethal amount of poison in your body!
* * * LOW HITPOINT WARNING * * *
You feel sick.
Okay, then.
You are stuck in your current form!
You die...

*** **,****** *,,,,,,,*
**,****,################
**,**,*,#..............#
*,,,>,*,#.############.####
*****,*,#.# *,.......#.#<..
*,*,#.###.............[
*,*,#.♣................
#........$....###......
###.#...........#......
*...#..................
***###,#...!..............
*,,,,,,#........###.......
*,*****#........# #.......
*,* #........#*#+#+#### *,*
*,*,**+***,,,,,****


There were no monsters in sight!

Vanquished Creatures
  An adder (D:2)
  An ooze (D:1)
  A dart slug (D:2)
  5 bats
  3 giant cockroaches
  4 goblins
  2 hobgoblins (D:1)
  9 kobolds
  A frilled lizard (D:2)
  6 rats
33 creatures vanquished.

Notes
Turn   | Place    | Note
-------+----------+-------------------------------------------
     0 | D:1      | Gaball the Octopode Transmuter began the quest for the Orb.
     0 | D:1      | Reached XP level 1. HP: 13/13 MP: 3/3
   116 | D:1      | Reached XP level 2. HP: 9/18 MP: 3/5
   523 | D:1      | Reached XP level 3. HP: 15/23 MP: 6/6
   987 | D:2      | Reached skill level 1 in Stealth
  1190 | D:2      | Reached skill level 4 in Unarmed Combat
  1194 | D:2      | HP: 1/34 [poisoned by an adder]
  1197 | D:2      | Succumbed to an adder's poison

Vault maps used:
D:1:      onia_arrival_mini_maze, kennysheep_crisscross
D:2:      grunt_temple_overflow_open, minmay_tetromino_t2, uniq_terence

Skill      XL: |  1  2  3 |
---------------+----------+-----
Stealth        | 1 |  1.3
Unarmed Combat | 4 |  4.0
Fighting       | |  1.0
Dodging        | |  2.0
Spellcasting   | |  2.3
Transmutations | |  2.3

Action                   || total
-------------------------++-------
Melee: Unarmed           ||    69
       Constrict         ||    16
       Tentacles         ||     7
       Kick              ||     7
       Punch             ||     1
 Cast: Beastly Appendage ||     6
  Use: Scroll            ||     3
       Potion            ||     1
 Stab: Sleeping          ||     6
       Distracted        ||     1
  Eat: Chunk             ||     1
Armor: Skin              ||     8
Dodge: Dodged            ||    45

Table legend:
 A = Spawn XP
 B = Non-spawn XP
 C = Spawn XP percentage of total XP
 D = Spawn monster count
 E = Non-spawn monster count
 F = Spawn count percentage of total count
 G = Total turns spent on level
                    A         B        C        D         E        F      G
               +---------+---------+-------+---------+---------+-------+---------
         Total |       0 |      70 |   0.0 |       0 |      33 |   0.0 |  1197
               +---------+---------+-------+---------+---------+-------+---------
           D:1 |       0 |      44 |   0.0 |       0 |      25 |   0.0 |   983
           D:2 |       0 |      26 |   0.0 |       0 |       8 |   0.0 |   214
               +---------+---------+-------+---------+---------+-------+---------
